 Dungeon Crawl Stone Soup version 0.21-a0-156-g77413b7 (webtiles) character file.

136 Goblin1989 the Insei (level 4, 0/33 HPs)
             Began as a Demonspawn Transmuter on Aug 4, 2017.
             Was a Follower of Wu Jian.
             Succumbed to a worker ant's poison
             ... on level 4 of the Dungeon.
             The game lasted 00:10:32 (3278 turns).

Goblin1989 the Insei (Demonspawn Transmuter)        Turns: 3278, Time: 00:10:33

Health: 0/33       AC:  5    Str: 17    XL:     4   Next: 98%
Magic:  7/7        EV: 11    Int: 21    God:    Wu Jian [*.....]
Gold:   186        SH:  0    Dex: 13    Spells: 4/7 levels left

rFire    . . .     SeeInvis .     - Unarmed
rCold    . . .     Gourm    .   (no shield)
rNeg     . . .     Faith    .   n - +0 ring mail
rPois    .         Spirit   .   (helmet unavailable)
rElec    .         Reflect  .   (no cloak)
rCorr    +         Harm     .   (no gloves)
MR       +....                  (no boots)
Stlth    +.........             (no amulet)
HPRegen  0.11/turn              m - ring of protection from magic
MPRegen  0.10/turn              g - ring of resist corrosion

@: mighty, brilliant, lethally poisoned (0 -> -5)
A: horns 3, clever 1, wild magic 1
a: Renounce Religion


You were on level 4 of the Dungeon.
You worshipped Wu Jian.
Wu Jian was aware of your devotion.
You were hungry.

You visited 1 branch of the dungeon, and saw 4 of its levels.

You collected 186 gold pieces.

Inventory:

Missiles
 a - 37 arrows
 r - 101 stones (quivered)
 y - 20 bolts
Armour
 n - a +0 ring mail (worn)
Jewellery
 g - a ring of resist corrosion (right hand)
 l - an uncursed ring of flight
 m - a ring of protection from magic (left hand)
Scrolls
 f - 2 scrolls of remove curse {@r2}
 h - 2 scrolls of fear
 u - 2 scrolls of teleportation {unknown}
 w - a scroll of amnesia {unknown}
Books
 c - a book of Changes

   Spells                             Type                      Level
   a - Beastly Appendage              Transmutation                1
   b - Sticks to Snakes               Transmutation                2
   c - Spider Form                    Transmutation/Poison         3
   d - Ice Form                       Ice/Transmutation            4
   e - Blade Hands                    Transmutation                5
Comestibles
 e - 2 bread rations {@e1}
 q - 2 royal jellies


   Skills:
 + Level 2.2 Fighting
 + Level 1.4 Armour
 + Level 2.2 Dodging
 * Level 4.0 Unarmed Combat
 + Level 2.1 Spellcasting
 + Level 1.7 Transmutations


You had 4 spell levels left.
You knew the following spells:

 Your Spells              Type           Power        Failure   Level  Hunger
a - Beastly Appendage     Tmut           ####..       2%          1    #......
b - Sticks to Snakes      Tmut           ####....     3%          2    ##.....


Dungeon Overview and Level Annotations

Branches:
Dungeon (4/15)
 Temple: D:4-7

Altars:
Ashenzari
Fedhas
Gozag
Qazlal
Uskayaw
Wu Jian
Yredelemnul


Innate Abilities, Weirdness & Mutations

You have a pair of large horns on your head.
Your mind is acute. (Int +2)
Your spells are a little harder to cast, but a little more powerful.


Message History

You are too injured to fight recklessly!
You are too injured to fight recklessly!
You are too injured to fight recklessly!
You are too injured to fight recklessly!
You are too injured to fight recklessly!
You feel sick.
You take 1 damage, and have 18/33 hp.
You hit the worker ant.
The worker ant is moderately wounded.
The worker ant bites you.
* * * LOW HITPOINT WARNING * * *
You are more poisoned.
The worker ant poisons you!
You take 5 damage, and have 13/33 hp.
It was a potion of mutation.
You feel extremely strange.
You feel resistant to poisons.
Your toenails lengthen and sharpen.
You feel resistant to cold.
* * * LOW HITPOINT WARNING * * *
You feel sick. The worker ant closely misses you. x2
You take 1 damage, and have 12/33 hp.
It was a potion of ambrosia.
You are confused.
You feel invigorated.
You feel sick. The worker ant closely misses you.
You regained 2 hp, and now have 14/33 hp.
You hit the worker ant.
The worker ant is heavily wounded.
You feel sick. The worker ant bites you.
* * * LOW HITPOINT WARNING * * *
You take 4 damage, and have 10/33 hp.
You bump into the rock wall.
You feel sick. The worker ant bites you.
* * * LOW HITPOINT WARNING * * *
You take 4 damage, and have 6/33 hp.
You hit the worker ant but do no damage.
The worker ant is heavily wounded.
The worker ant bites you!
* * * LOW HITPOINT WARNING * * *
You take 4 damage, and have 2/33 hp.
It was a potion of might.
You feel very mighty all of a sudden.
* * * LOW HITPOINT WARNING * * *
You feel sick.
The worker ant bites you but does no damage.
You regained 4 hp, and now have 6/33 hp.
It was a potion of brilliance.
You feel clever all of a sudden.
You feel less invigorated.
You feel less confused.
* * * LOW HITPOINT WARNING * * *
You feel sick. The worker ant misses you. The worker ant bites you.
* * * LOW HITPOINT WARNING * * *
You take 3 damage, and have 3/33 hp.
You barely miss the worker ant. You claw the worker ant.
The worker ant is severely wounded.
The worker ant barely misses you.
You punch the worker ant!
You kill the worker ant!
The Council accepts your kill.
* * * LOW HITPOINT WARNING * * *
You feel sick.
You take 1 damage, and have 2/33 hp.
Unknown command.
Put on which piece of jewellery? (? for menu, Esc to quit)
You're wearing all the rings you can.
Remove which one? (? for menu, Esc to cancel) < or
m - a ring of protection from magic > or
l - a ring of flight You remove your ring of flight.
r - a ring of resist corrosion (right hand)
g - a ring of resist corrosion (right hand)
r - 101 stones (quivered)
* * * LOW HITPOINT WARNING * * *
You feel sick.
Unknown command.
Put on which piece of jewellery? (? for menu, Esc to quit)
Okay, then.
Really quaff
i - 2 potions of mutation {!q}? [Y]es or [N]o only, please.
Really quaff
i - 2 potions of mutation {!q}?
You feel extremely strange.
You no longer feel cold resistant.
Your talons dull and shrink into feet.
You feel clumsy.
You feel less in control of your magic.
Really quaff
i - a potion of mutation {!q}?
You feel extremely strange.
You feel agile.
You feel less resistant to poisons. The horns on your head grow some more.
You feel clever.
* * * LOW HITPOINT WARNING * * *
You feel sick.
You take 1 damage, and have 1/33 hp.
Unknown command.
Unknown command.
As you read the scroll labeled ASOEBAKLIV, it crumbles to dust.
You assume a fearsome visage.
Nothing appears to happen.
It was a scroll of fear.
As you read the scroll labeled CUR NITAUWE, it crumbles to dust.
It is a scroll of identify.
f - 2 scrolls of remove curse
As you read the scroll labeled ORHIGH VAUKHE, it crumbles to dust.
It is a scroll of enchant weapon.
You aren't carrying any weapons that can be enchanted.
You die...

..... ███.█
.... ..█.█
█... █.█.█
... █.█.█ ..
█.█.█ █ █.
█.█.█
█..█.████.█.█
███
█.....†@....█


██<██ █.█.█████.███████...██ █ █.............█ ██.███████...██ ███ ██.██ █.█ █.█
█.█ █.█ There were no monsters in sight!

Vanquished Creatures
  A worker ant (D:4)
  Robin (D:2)
  2 adders
  2 worms
  3 dart slugs
  2 leopard geckos (D:1)
  2 orcs (D:3)
  A ball python (D:3)
  8 bats
  5 giant cockroaches
  9 hobgoblins
  6 jackals
  3 kobolds
  A quokka (D:2)
  A frilled lizard (D:2)
  11 goblins
  6 rats
64 creatures vanquished.

Notes
Turn   | Place    | Note
-------+----------+-------------------------------------------
     0 | D:1      | Goblin1989 the Demonspawn Transmuter began the quest for the Orb.
     0 | D:1      | Reached XP level 1. HP: 15/15 MP: 3/3
   137 | D:1      | Reached skill level 3 in Unarmed Combat
   190 | D:1      | Gained mutation: You have a pair of small horns on your head. [demonic ancestry]
   190 | D:1      | Reached XP level 2. HP: 15/21 MP: 5/5
   617 | D:2      | Found an ornate altar of the Wu Jian Council.
   826 | D:2      | Became a worshipper of the Wu Jian Council
   958 | D:2      | Found an opulent altar of Gozag.
   961 | D:2      | Gained mutation: You have a pair of horns on your head. [demonic ancestry]
   961 | D:2      | Reached XP level 3. HP: 26/26 MP: 6/6
  1125 | D:2      | Noticed Robin
  1157 | D:2      | HP: 1/26 [Robin/trident (7)]
  1158 | D:2      | Killed Robin
  1158 | D:2      | Reached skill level 1 in Armour
  1625 | D:2      | Reached * piety under Wu Jian
  1973 | D:2      | Reached XP level 4. HP: 33/33 MP: 5/7
  2111 | D:2      | Found a stormy altar of Qazlal.
  2111 | D:2      | Found a basalt altar of Yredelemnul.
  2112 | D:2      | Found a hide-covered altar of Uskayaw.
  2186 | D:3      | Found a shattered altar of Ashenzari.
  2667 | D:3      | Learned a level 2 spell: Sticks to Snakes
  2824 | D:3      | Found a blossoming altar of Fedhas.
  2958 | D:3      | Reached skill level 4 in Unarmed Combat
  3263 | D:4      | Gained mutation: Your system is resistant to poisons. (rPois) [potion of mutation]
  3263 | D:4      | Gained mutation: You have sharp toenails. [potion of mutation]
  3263 | D:4      | Gained mutation: Your flesh is cold resistant. (rC+) [potion of mutation]
  3274 | D:4      | Lost mutation: Your flesh is cold resistant. (rC+) [potion of mutation]
  3274 | D:4      | Lost mutation: You have sharp toenails. [potion of mutation]
  3274 | D:4      | Gained mutation: You are clumsy. (Dex -2) [potion of mutation]
  3274 | D:4      | Gained mutation: Your spells are a little harder to cast, but a little more powerful. [potion of mutation]
  3275 | D:4      | Lost mutation: You are clumsy. (Dex -2) [potion of mutation]
  3275 | D:4      | Lost mutation: Your system is resistant to poisons. (rPois) [potion of mutation]
  3275 | D:4      | Gained mutation: You have a pair of large horns on your head. [potion of mutation]
  3275 | D:4      | Gained mutation: Your mind is acute. (Int +2) [potion of mutation]
  3275 | D:4      | HP: 1/33 [poisoned by a worker ant]
  3278 | D:4      | Succumbed to a worker ant's poison

Vault maps used:
D:1:      dpeg_arrival_lava_temple_mockup
D:2:      lemuel_crystal_altar, lemuel_round_altar,
          gammafunk_temple_overflow_claw, minmay_fountain_box, uniq_robin
D:3:      old_standard_altar, first_bread, serial_bayou_pond_e, fedhas_altar_3
D:4:      overflow_temple_1_default, uniq_eustachio

Skill      XL: |  1  2  3  4 |
---------------+-------------+-----
Unarmed Combat | 3 4 |  4.0
Dodging        | 2 |  2.2
Armour         | 1 |  1.4
Fighting       | 2 |  2.2
Spellcasting   | |  2.1
Transmutations | |  1.7

Action                   |  1- 3 |  4- 6 || total
-------------------------+-------+-------++-------
Melee: Unarmed           |   157 |    81 ||   238
       Headbutt          |    19 |    12 ||    31
       Punch             |     2 |     2 ||     4
       Kick              |     5 |     2 ||     7
 Cast: Beastly Appendage |     2 |       ||     2
  Use: Potion            |       |     6 ||     6
       Scroll            |       |     3 ||     3
  Eat: Chunk             |     3 |     4 ||     7
Armor: Robe              |    10 |       ||    10
       Ring mail         |    41 |    18 ||    59
Dodge: Dodged            |    88 |    41 ||   129

Vault maps used:
D:1:      dpeg_arrival_lava_temple_mockup
D:2:      lemuel_crystal_altar, lemuel_round_altar,
          gammafunk_temple_overflow_claw, minmay_fountain_box, uniq_robin
D:3:      old_standard_altar, first_bread, serial_bayou_pond_e, fedhas_altar_3
D:4:      overflow_temple_1_default, uniq_eustachio
